 Dungeon Crawl Stone Soup version 0.25.1-2-g60ff931df9 (webtiles) character file.

Game seed: 11069810156763366069

26 Delamore the Shield-Bearer (level 3, -2/24 HPs)
             Began as a Gargoyle Fighter on Oct 24, 2020.
             Slain by an ice beast (12 damage)
             ... on level 2 of the Dungeon.
             The game lasted 00:01:04 (1684 turns).

Delamore the Shield-Bearer (Gargoyle Fighter)       Turns: 1684, Time: 00:01:05

Health: -2/24      AC: 10    Str: 20    XL:     3   Next: 8%
Magic:  3/3        EV:  7    Int:  8    God:
Gold:   95         SH:  9    Dex:  9    Spells: 2/2 levels left

rFire    . . .     SeeInvis .   a - +0 flail
rCold    . . .     Gourm    .   c - +0 kite shield
rNeg     + . .     Faith    .   b - +0 scale mail
rPois    ∞         Spirit   .   (no helmet)
rElec    +         Reflect  .   (no cloak)
rCorr    .         Harm     .   (no gloves)
MR       .....                  (no boots)
Stlth    ..........             (no amulet)
HPRegen  0.08/turn              (no ring)
MPRegen  0.08/turn              (no ring)

@: no status effects
A: negative energy resistance 1, electricity resistance, unbreathing,
petrification resistance, rot immunity, AC +3
a: no special abilities


You were on level 2 of the Dungeon.
You were very hungry.

You visited 1 branch of the dungeon, and saw 3 of its levels.

You collected 95 gold pieces.

Inventory:

Hand Weapons
 a - a +0 flail (weapon)
Armour
 b - a +0 scale mail (worn)
 c - a +0 kite shield (worn)
Jewellery
 e - an uncursed ring of protection from cold {unknown}
Scrolls
 i - a scroll of brand weapon {unknown}
 k - 2 scrolls of enchant weapon {unknown}
 n - a scroll of amnesia {unknown}
 o - a scroll of immolation {unknown}
 p - 2 scrolls of identify {unknown}
 q - a scroll of remove curse {unknown}
Potions
 d - a potion of might
 h - a potion of curing {unknown}
 j - a potion of heal wounds {unknown}
 l - 2 potions of degeneration {unknown}
 m - 2 potions of brilliance {unknown}
 r - a potion of haste {unknown}
Comestibles
 f - 6 rations


   Skills:
 + Level 3.7 Fighting
 + Level 2.5 Maces & Flails
 - Level 3.2 Armour
 + Level 3.7 Shields


You had 2 spell levels left.
You didn't know any spells.
Your spell library was empty.

Dungeon Overview and Level Annotations

Branches:
Dungeon (3/15)

Altars:


Innate Abilities, Weirdness & Mutations

You are resistant to torment.
Your stone body is resilient. (AC +3)
You are immune to poison.
You resist negative energy. (rN+)
You are resistant to electric shocks. (rElec)
You can survive without breathing.
You are immune to petrification.
You are immune to rotting.


Message History

The ice beast is lightly wounded.
The ice beast hits you but does no damage. x2
You hit the ice beast.
The ice beast is moderately wounded.
You block the ice beast's attack.
You closely miss the ice beast.
The ice beast is moderately wounded.
The ice beast hits you but does no damage.
You hit the ice beast but do no damage.
The ice beast is moderately wounded.
The ice beast hits you but does no damage.
You block the ice beast's attack.
You closely miss the ice beast.
The ice beast is moderately wounded.
You block the ice beast's attack.
You hit the ice beast but do no damage.
The ice beast is moderately wounded.
The ice beast hits you. The ice beast freezes you!
Ouch! That really hurt!
You die...

..#..................##........#
..####............#####.########
#....#.#######.#..# #.# #....#.#
#.#..# #.#
.......#######.#..#####.#
.....................##.#
.......#######.#..##.##.#
.....#.#### #.#........#
##........####.#@###.##.#########
#..#..........Y................#
##........<......###.##.#.#####.#
...##.....####.### #.##.#.# #.#
.####.....# #.# #.##.#(# #.# .#
####.## #.# #.##.#.# #.# .# #.#
#.# #..#.#.# #.# .# #.#
#.######.#.#.# #.# .# #.#
#......(.....# #.#


You could see an ice beast.

Vanquished Creatures
  2 dart slugs (D:1)
  2 giant cockroaches (D:1)
  2 goblins (D:2)
  6 hobgoblins
  A ball python (D:2)
  4 bats
  A kobold (D:3)
  2 rats (D:1)
20 creatures vanquished.

Notes
Turn   | Place    | Note
-------+----------+-------------------------------------------
     0 | D:1      | Delamore the Gargoyle Fighter began the quest for the Orb.
     0 | D:1      | Reached XP level 1. HP: 14/14 MP: 1/1
   228 | D:1      | Reached XP level 2. HP: 19/19 MP: 2/2
  1098 | D:2      | Reached XP level 3. HP: 24/24 MP: 3/3
  1458 | D:3      | Noticed an ice beast
  1684 | D:2      | Slain by an ice beast

Illustrated notes

Levels and vault maps discovered:
D:1:      nagdon_arrival_zigzag_paths, layout_loops_ring, nrook_loot_triangle
D:2:      layout_loops_ring
D:3:      layout_rooms, first_ration, trog_hazing_becter

Action                   || total
-------------------------++-------
Melee: Flail             ||    73
  Eat: Chunk             ||     1
Armor: Scale mail        ||    60
Dodge: Dodged            ||    37
Block: Kite shield       ||    49
